 Dungeon Crawl Stone Soup version 0.25-a0-290-g4a1327ee3a (webtiles) character file.

Game seed: 15240225866003786568, levelgen mode: deterministic

465 therealodie the Chiller (level 6, -9/25 HPs)
             Began as a Felid Ice Elementalist on Dec 14, 2019.
             Shot with an arrow by a centaur (18 damage)
             ... on level 5 of the Dungeon.
             The game lasted 00:16:13 (5553 turns).

therealodie the Chiller (Felid Ice Elementalist)    Turns: 5553, Time: 00:16:13

Health: -9/25      AC:  2    Str:  5    XL:     6   Next: 80%
Magic:  14/14      EV: 18    Int: 17    God:
Gold:   286        SH:  0    Dex: 17    Spells: 13/14 levels left
                                        Lives:  0   Deaths: 1

rFire    . . .     SeeInvis +   (weapon unavailable)
rCold    . . .     Gourm    .   (shield unavailable)
rNeg     + . .     Faith    .   (armour unavailable)
rPois    .         Spirit   .   (helmet unavailable)
rElec    .         Reflect  .   (cloak unavailable)
rCorr    .         Harm     +   (gloves unavailable)
MR       .....                  (boots unavailable)
Stlth    +++.......             r - amulet of harm
HPRegen  0.08/turn              s - ring of positive energy
MPRegen  0.14/turn              (no ring)

@: about to teleport, quick
A: very small, no armour, no weapons or thrown items, stealth, claws 1, fangs 3,
see invisible, carnivore, speed 1, shaggy fur 2, slow metabolism 1, sharp paws
a: no special abilities


You were on level 5 of the Dungeon.
You were hungry.

You visited 1 branch of the dungeon, and saw 5 of its levels.

You collected 286 gold pieces.

Inventory:

Hand Weapons
 h - a +0 dagger
Jewellery
 r - an amulet of harm (around neck)
 s - a ring of positive energy (left paw)
Wands
 q - a wand of iceblast (9)
Scrolls
 e - 3 scrolls of teleportation
 g - a scroll of amnesia {unknown}
 k - 3 scrolls of remove curse
 l - 2 scrolls of random uselessness
 n - 2 scrolls of fear
 o - a scroll of magic mapping {unknown}
Potions
 a - 2 potions of curing
 c - a potion of mutation {unknown}
 d - a potion of might {unknown}
 f - a potion of magic {unknown}
 i - a potion of flight {unknown}
 j - 3 potions of agility {unknown}
 m - a potion of brilliance {unknown}
 p - a potion of heal wounds {unknown}
Comestibles
 b - 5 rations


   Skills:
 + Level 0.3 Fighting
 + Level 3.2 Dodging
 + Level 3.2 Stealth
 + Level 0.5 Unarmed Combat
 + Level 4.6 Spellcasting
 + Level 6.0 Ice Magic


You had 13 spell levels left.
You knew the following spells:

 Your Spells              Type           Power        Failure   Level  Hunger
a - Freeze                Ice            ###.         1%          1    None

Your spell library contained the following spells:

 Spells                   Type           Power        Failure   Level  Hunger
 Ozocubu's Armour         Chrm/Ice       ##......     13%         3    ###....
 Animate Skeleton         Necr           N/A          14%         1    None
 Apportation              Tloc           #.....       14%         1    None
 Confusing Touch          Hex            #.....       14%         1    None
 Summon Small Mammal      Summ           #...         14%         1    None
 Hailstorm                Conj/Ice       ##......     38%         4    ####...
 Summon Ice Beast         Ice/Summ       ##......     38%         4    ####...


Dungeon Overview and Level Annotations

Branches:
Dungeon (5/15)             Temple (0/1) D:5

Altars:
Dithmenos
Elyvilon
Gozag
Makhleb
Okawaru
Qazlal
Uskayaw
Zin


Innate Abilities, Weirdness & Mutations

You cannot wear armour.
You are incapable of wielding weapons or throwing items.
Your paws allow you to move quietly. (Stealth)
You have sharp claws.
You have razor-sharp teeth.
You have supernaturally acute eyesight. (SInv)
You are carnivorous and can eat meat at any time.
You cover ground quickly.
You are covered in thick fur. (AC +2)
You have a slow metabolism.
Your sharp claws are effective at attacking unaware monsters.


Message History

You scratch the orc.
You kill the orc!
Found a scroll of teleportation.
Things that are here:
a +0 whip; an orc corpse
e - 4 scrolls of teleportation (gained 1)
j - 2 murky purple potions (gained 1)
j - 3 murky purple potions (gained 1)
A centaur comes into view.
The centaur shouts!
The centaur wields a +0 shortbow.
The centaur shoots an arrow.
The arrow completely misses you.
The centaur shoots an arrow.
The arrow hits you!
Ouch! That really hurt!
You see here an arrow.
As you read the scroll of teleportation, it crumbles to dust.
You feel strangely unstable.
The centaur shoots an arrow.
The arrow hits you.
The centaur shoots an arrow.
The arrow hits you!
Ouch! That really hurt!
You die...

### ### # ###.##########.###
#####...(.............
#.c.c(.............###
#.###.#########....... #
##(.............### #.
#.@.####...#..#.###
###.##..........#...>..#
....................#..
##..................###
.......................
######...........#.#####
#####..#####..........# #########
#......#######....###.#
#.......###.###.......[.........#


You could see a centaur.

Vanquished Creatures
  An ogre (D:4)
  A scorpion (D:5)
  A crimson imp (D:5)
  A hound (D:5)
  An orc priest (D:5)
  2 orc wizards (D:5)
  An iguana (D:5)
  4 worker ants (D:4)
  3 adders
  An ooze (D:4)
  2 worms (D:2)
  2 dart slugs
  4 leopard geckos
  11 orcs
  6 bats (D:1)
  4 giant cockroaches
  2 goblins (D:1)
  4 hobgoblins
  2 jackals (D:1)
  6 kobolds
  A quokka (D:3)
  A ball python (D:3)
  3 frilled lizards (D:2)
  A quokka skeleton (D:5)
  6 rats
71 creatures vanquished.

Notes
Turn   | Place    | Note
-------+----------+-------------------------------------------
     0 | D:1      | therealodie the Felid Ice Elementalist began the quest for
                  | the Orb.
     0 | D:1      | Reached XP level 1. HP: 7/7 MP: 4/4
    13 | D:1      | Noticed a bullfrog
   338 | D:1      | Reached XP level 2. HP: 6/11 MP: 6/6
   395 | D:1      | Reached skill level 4 in Ice Magic
  1224 | D:2      | Found an opulent altar of Gozag.
  1370 | D:2      | Reached XP level 3. HP: 14/14 MP: 3/7
  2395 | D:3      | Reached XP level 4. HP: 18/18 MP: 7/9
  2736 | D:3      | Found a glowing silver altar of Zin.
  2737 | D:3      | Found a hide-covered altar of Uskayaw.
  2737 | D:3      | Found a stormy altar of Qazlal.
  3455 | D:4      | Slain by a worker ant
  3456 | D:4      | Reached XP level 3. HP: -2/14 MP: 0/8
  3470 | D:4      | Noticed an ogre
  3489 | D:4      | Killed an ogre
  3489 | D:4      | Reached XP level 4. HP: 18/18 MP: 2/10
  3489 | D:4      | Reached XP level 5. HP: 21/21 MP: 2/11
  3585 | D:4      | Reached skill level 5 in Ice Magic
  3985 | D:4      | Found a burning altar of Makhleb.
  4139 | D:4      | Found a white marble altar of Elyvilon.
  4141 | D:4      | Found an iron altar of Okawaru.
  4309 | D:5      | Entered Level 5 of the Dungeon
  4321 | D:5      | Gained mutation: You are covered in thick fur. (AC +2)
                  | [Felid growth]
  4321 | D:5      | Reached XP level 6. HP: 5/25 MP: 7/12
  4490 | D:5      | Found a staircase to the Ecumenical Temple.
  4521 | D:5      | Found a glowing drain.
  5002 | D:5      | Found a shadowy altar of Dithmenos.
  5155 | D:5      | Reached skill level 6 in Ice Magic
  5553 | D:5      | Shot with an arrow by a centaur

Levels and vault maps discovered:
D:1:      evilmike_arrival_come_back, layout_rooms
D:2:      layout_basic, nicolae_gozag_seed_capital
D:3:      layout_loops_cross, chequers_temple_overflow_statue_of_worship,
          first_ration, chequers_serial_rivers_large_a, saegor_snake_ambush
D:4:      layout_cave_pools, minitemple, minmay_crystal_room
D:5:      layout_basic, kennysheep_mini_moat, minmay_temple_entry_wispy,
          gup_sewer_entry_glass

Skill      XL: |  1  2  3  4  5  6 |
---------------+-------------------+-----
Ice Magic      | 4 5 6 |  6.0
Stealth        | 3 |  3.2
Dodging        | 3 |  3.2
Spellcasting   | 3 4 |  4.6
Fighting       | |  0.3
Unarmed Combat | |  0.5

Action                   |  1- 3 |  4- 6 || total
-------------------------+-------+-------++-------
Melee: Unarmed           |    37 |     1 ||    38
       Bite              |     4 |       ||     4
 Cast: Freeze            |    52 |    85 ||   137
  Use: Scroll            |       |     7 ||     7
       Potion            |       |     1 ||     1
 Stab: Sleeping          |     5 |     1 ||     6
  Eat: Chunk             |     2 |     1 ||     3
Armor: Skin              |     7 |     1 ||     8
Dodge: Dodged            |    75 |    54 ||   129

Table legend:
 A = Non-vault XP
 B = Vault XP
 C = Vault XP percentage of total XP
 D = Non-vault monster count
 E = Vault monster count
 F = Vault count percentage of total count
                 A         B        C        D         E       F
            +---------+---------+-------+---------+---------+-------
      Total |     734 |      14 |   1.9 |      69 |       2 |   2.8
            +---------+---------+-------+---------+---------+-------
        D:1 |      38 |       0 |   0.0 |      21 |       0 |   0.0
        D:2 |      42 |       0 |   0.0 |      14 |       0 |   0.0
        D:3 |      15 |      14 |  48.3 |       7 |       2 |  22.2
        D:4 |     298 |       0 |   0.0 |      15 |       0 |   0.0
        D:5 |     341 |       0 |   0.0 |      12 |       0 |   0.0
            +---------+---------+-------+---------+---------+-------
